 Dungeon Crawl Stone Soup version 0.20-a0-647-gf178af5 (webtiles) character file.

345 rgaf the Slasher (level 6, -18/44 HPs)
             Began as a Mummy Wanderer on Feb 15, 2017.
             Demolished by an ogre
             ... wielding a +0 giant club
              (22 damage)
             ... on level 4 of the Dungeon.
             The game lasted 00:04:23 (3991 turns).

rgaf the Slasher (Mummy Wanderer)                   Turns: 3991, Time: 00:04:24

Health: -18/44     AC: 11    Str: 21    XL:     6   Next: 32%
Magic:  6/6        EV:  7    Int: 10    God:
Gold:   107        SH:  5    Dex: 11    Spells: 5/5 levels left

rFire    x . .     SeeInvis .   a - +2 falchion
rCold    + + .     Gourm    .   l - +2 chain mail {rC+}
rNeg     + + +     Faith    .   o - +2 buckler
rPois    ∞         Spirit   .   (no helmet)
rElec    .         Reflect  .   (no cloak)
rCorr    .         Harm     .   (no gloves)
MR       .....                  n - +0 pair of boots
Stlth    ..........             (no amulet)
Regen    0.2/turn               (no ring)
MPRegen  0.1/turn               i - +2 ring of strength

@: no status effects
A: no food or potions, fire vulnerability, cold resistance 1, negative energy
resistance 3, torment resistance, unbreathing
a: no special abilities


You were on level 4 of the Dungeon.
You were not hungry.

You visited 1 branch of the dungeon, and saw 4 of its levels.

You collected 107 gold pieces.

Inventory:

Hand Weapons
 a - a +2 falchion (weapon)
 d - a +0 dagger
Armour
 c - a +0 robe
 e - a +0 ring mail
 k - +0 swamp dragon scales
 l - a +2 chain mail of cold resistance (worn)
 n - a +0 pair of boots (worn)
 o - a +2 buckler (worn)
Jewellery
 i - a +2 ring of strength (left hand)
Scrolls
 b - 2 scrolls of teleportation
 f - 2 scrolls of identify
 g - a scroll of noise
 j - a scroll of amnesia {unknown}
 m - a scroll of immolation {unknown}


   Skills:
 - Level 2.0 Fighting
 + Level 5.5 Long Blades
 - Level 1.0 Dodging
 - Level 1.5 Stealth
 + Level 0.8 Shields
   Level 2.4 Translocations


You had 5 spell levels left.
You didn't know any spells.

Dungeon Overview and Level Annotations

Branches:
Dungeon (4/15)
 Temple: D:4-7

Altars:
Makhleb
Nemelex Xobeh
Sif Muna
Trog
Xom


Innate Abilities, Weirdness & Mutations

You do not eat or drink.
Your flesh is vulnerable to fire.
You are immune to poison.
Your flesh is cold resistant. (rC+)
You are immune to negative energy. (rN+++)
You are immune to unholy pain and torment.
You can survive without breathing.


Message History

You slash the ogre!
The ogre is heavily wounded.
The ogre hits you with a giant club!!
You hit the ogre but do no damage.
The ogre is heavily wounded.
The ogre hits you with a giant club!
You are too injured to fight recklessly!
You are too injured to fight recklessly!
You hit the ogre.
The ogre is severely wounded.
The ogre hits you with a giant club.
You hit the ogre.
The ogre is almost dead.
The ogre hits you with a giant club!
* * * LOW HITPOINT WARNING * * *
You hit the ogre.
The ogre is almost dead.
The ogre hits you with a giant club!!
Ouch! That really hurt!
You die...

#..............
#........#####
#.........##
#..........#
#..........#
...........##
.......§.§§§#
......§§§§§§#
.......§§@§§#
.....§§§O§§§#
.......§§§###
........###
#.....###
###..# #.# #..
...


You could see an ogre.

Vanquished Creatures
  A howler monkey (D:4)
  A crimson imp (D:3)
  Jessica (D:3)
  An orc wizard (D:3)
  Ijyb (D:2)
  Terence (D:2)
  The ghost of samuriajak the Covered, a weakling BaWn (D:3)
  Robin (D:2)
  4 adders (D:3)
  2 oozes
  A dart slug (D:1)
  2 leopard geckos (D:3)
  8 orcs
  A ball python (D:3)
  A giant cockroach (D:2)
  17 goblins
  10 hobgoblins
  10 jackals
  A quokka (D:3)
  9 bats
  3 frilled lizards
  5 kobolds
  3 rats
85 creatures vanquished.

Notes
Turn   | Place    | Note
-------+----------+-------------------------------------------
     0 | D:1      | rgaf the Mummy Wanderer began the quest for the Orb.
     0 | D:1      | rgaf set off with: a +2 falchion, 2 scrolls of teleportation, a +0 robe, a +0 dagger
     0 | D:1      | Reached XP level 1. HP: 16/16 MP: 1/1
    98 | D:1      | Reached skill level 2 in Long Blades
   116 | D:1      | Reached XP level 2. HP: 14/22 MP: 2/2
   454 | D:1      | Found a shimmering altar of Xom.
   456 | D:1      | Found a burning altar of Makhleb.
   456 | D:1      | Found a sparkling altar of Nemelex Xobeh.
   458 | D:1      | Found an iron altar of Okawaru.
   458 | D:1      | Found a deep blue altar of Sif Muna.
   458 | D:1      | Found a bloodstained altar of Trog.
  1191 | D:2      | Noticed Ijyb
  1212 | D:2      | Killed Ijyb
  1212 | D:2      | Reached skill level 3 in Long Blades
  1212 | D:2      | Reached XP level 3. HP: 24/27 MP: 3/3
  1220 | D:2      | Noticed Robin
  1556 | D:2      | Noticed Terence
  1614 | D:2      | Killed Terence
  1614 | D:2      | Reached XP level 4. HP: 7/33 MP: 4/4
  2053 | D:2      | Reached skill level 4 in Long Blades
  2063 | D:2      | Killed Robin
  2588 | D:3      | Reached XP level 5. HP: 38/38 MP: 5/5
  2627 | D:3      | Noticed samuriajak's ghost (weakling BaWn)
  2662 | D:3      | Killed samuriajak's ghost
  2956 | D:3      | Found a glowing drain.
  3377 | D:3      | Noticed Jessica
  3387 | D:3      | Killed Jessica
  3387 | D:3      | Reached skill level 5 in Long Blades
  3411 | D:3      | Reached XP level 6. HP: 19/44 MP: 6/6
  3991 | D:4      | Demolished by an ogre

Vault maps used:
D:1:      evilmike_arrival_fibonacci_small, doesnt_xom_only_xom
D:2:      minivault_19, st_stairs_7, uniq_terence, uniq_iyjb, uniq_robin
D:3:      portal_sewer_entry_d, uniq_jessica
D:4:      overflow_temple_1_default

Skill      XL: |  1  2  3  4  5 |
---------------+----------------+-----
Long Blades    | 2 3 4 5 |  5.5
Fighting       | |  2.0
Dodging        | |  1.0
Stealth        | |  1.5
Shields        | |  0.8
Translocations | |  2.4

Action                   |  1- 3 |  4- 6 || total
-------------------------+-------+-------++-------
Melee: Falchion          |   135 |   234 ||   369
  Use: Scroll            |       |     2 ||     2
 Stab: Distracted        |       |     1 ||     1
Armor: Ring mail         |    60 |       ||    60
       Swamp dragon scal |     8 |    17 ||    25
       Chain mail        |       |    86 ||    86
Dodge: Dodged            |    88 |    78 ||   166
Block: Buckler           |       |     5 ||     5
       Rpst.: Falchion   |    30 |    21 ||    51
